 Dungeon Crawl Stone Soup version 0.28.0 (webtiles) character file.

Game seed: 17767436363757377784

91 croobank the Vexing (level 4, 0/29 HPs)
             Began as an Octopode Arcane Marksman on Feb 14, 2022.
             Was a Believer of Elyvilon.
             Splashed by a jelly's acid (9 damage)
             ... on level 2 of the Dungeon.
             The game lasted 00:10:33 (2348 turns).

croobank the Vexing (Octopode Arcane Marksman)      Turns: 2348, Time: 00:10:34

Health: 0/29       AC:  1    Str:  9    XL:     4   Next: 59%
Magic:  6/6        EV: 13    Int: 17    God:    Elyvilon [**....]
Gold:   32         SH:  0    Dex: 12    Spells: 1/6 levels left

rFire   . . .      SeeInvis .   a - +1 short sword
rCold   . . .      Faith    .   (no shield)
rNeg    . . .      Spirit   .   (helmet restricted)
rPois   .          Reflect  .   (no amulet)
rElec   .          Harm     .   m - ring of flight
rCorr   .          Rampage  .   (no ring)
Will    .....                   (no ring)
Stlth   ++........              (no ring)
HPRegen 0.09/turn               (no ring)
MPRegen 0.10/turn               (no ring)
                                (no ring)
                                (no ring)

@: flying
A: almost no armour, amphibious, 8 rings, camouflage 1, gelatinous body 1,
(nimble swimmer 1), tentacles
a: Renounce Religion, Purification, Heal Other


You were on level 2 of the Dungeon.
You worshipped Elyvilon.
Elyvilon was pleased with you.
You visited 1 branch of the dungeon, and saw 2 of its levels.

You collected 32 gold pieces.

Inventory:

Hand Weapons
 a - a +1 short sword (weapon)
 b - a +0 hunting sling
Missiles
 c - 20 sling bullets
 e - 12 arrows
 f - 97 stones
 i - 3 poisoned darts (quivered)
Jewellery
 m - a ring of flight (left tentacle)
Scrolls
 j - a scroll of enchant armour
 o - a scroll of teleportation {unknown}
Potions
 d - a potion of mutation
 g - a potion of curing {unknown}


   Skills:
 + Level 1.9 Fighting
 + Level 2.6 Slings
 + Level 2.7 Dodging
 + Level 1.9 Spellcasting
 + Level 3.5 Hexes


You had one spell level left.
You knew the following spells:

 Your Spells              Type           Power      Damage    Failure   Level
a - Slow                  Hex            52%        N/A       4%          1
b - Cause Fear            Hex            6%         N/A       41%         4

Your spell library contained the following spells:

 Spells                   Type           Power      Damage    Failure   Level
 Inner Flame              Hex/Fire       7%         N/A       28%         3
 Portal Projectile        Hex/Tloc       14%        N/A       28%         3


Dungeon Overview and Level Annotations

Branches:
Dungeon (2/15)

Altars:
Elyvilon


Innate Abilities, Weirdness & Mutations

You cannot wear most types of armour.
You are amphibious.
You can wear up to eight rings at the same time.
Your skin changes colour to match your surroundings (Stealth+).
Your rubbery body absorbs attacks. (AC +1, EV +1)
((You are camouflaged when in or above water. (Stealth+)))
You have tentacles for arms and can constrict up to eight enemies at once.


Message History

You feel less wooden.
g - a viscous silvery potion
Things that are here:
a +0 dagger; a goblin corpse
f - 97 stones (gained 21)
You see here a frilled lizard corpse.
There is a dry fountain here.
You start resting.
You feel yourself speed up.
You start resting.
You recover from your berserk rage.
You start resting.
HP restored.
There is a dry fountain here.
You reach down and open the large door.
There is a large open door here.
Found a ring mail.
A giant cockroach comes into view.
A jelly comes into view.
The giant cockroach closely misses you.
You hit the giant cockroach.
You kill the giant cockroach!
You see here a giant cockroach corpse.
You see here a +0 ring mail.
Casting: Slow (safe; 4% risk of failure)
Confirm with . or Enter, or press ? or * to list all spells.
Aiming: Slow (safe; 4% risk of failure)
Press: ? - help, Shift-Dir - straight line, f - jelly
Aim: a jelly (chance to affect: 61%)
The jelly seems to slow down.
The jelly hits you.
You are splashed with acid!
You hit the jelly.
Your tentacles burn!
The jelly is moderately wounded.
The jelly hits you but does no damage.
You hit the jelly.
Your tentacles burn!
The jelly is moderately wounded.
You hit the jelly.
Your tentacles burn!
The jelly is severely wounded.
The jelly hits you.
You are splashed with acid!
You die...

≈§§≈≈##.............#
§§≈≈≈≈##.........##.#
§§§≈§≈≈#......##.##.#
≈≈≈≈§≈≈##..>####.##.#
≈§§§≈≈≈##...# #.##.#
..§§...'...## #.##.#
......§§.### #.##.#
≈≈§≈≈≈≈### #[##.#
≈≈≈≈§§§# #@##.#
≈≈≈≈≈≈≈#.#######J##.#
≈≈≈§≈§##.....J.†....#
≈≈≈≈≈## .........####
≈≈≈§## .#########
≈§≈## §≈## ###


You could see a jelly (slow).

Vanquished Creatures
  Natasha (D:2)
  2 adders (D:2)
  A worm (D:2)
  A dart slug (D:2)
  4 bats
  2 endoplasms
  4 giant cockroaches
  4 goblins
  5 hobgoblins
  2 jackals (D:1)
  A quokka (D:1)
  A ball python (D:1)
  2 frilled lizards
  9 kobolds
  2 rats
41 creatures vanquished.

Notes
Turn   | Place    | Note
-------+----------+-------------------------------------------
     0 | D:1      | croobank the Octopode Arcane Marksman began the quest for
                  | the Orb.
     0 | D:1      | Reached XP level 1. HP: 13/13 MP: 2/2
   334 | D:1      | Reached XP level 2. HP: 18/18 MP: 1/3
   394 | D:1      | Found a faded altar of an unknown god.
   507 | D:1      | Prayed at the altar of an unknown god.
   507 | D:1      | Became a worshipper of Elyvilon the Healer
   507 | D:1      | Reached * piety under Elyvilon
   852 | D:1      | Reached XP level 3. HP: 13/23 MP: 5/5
  1641 | D:2      | Reached ** piety under Elyvilon
  1850 | D:2      | Reached XP level 4. HP: 21/29 MP: 3/6
  2071 | D:2      | Learned a level 4 spell: Cause Fear
  2081 | D:2      | Noticed Natasha
  2101 | D:2      | Killed Natasha
  2348 | D:2      | Splashed by a jelly's acid

Illustrated notes

Levels and vault maps discovered:
D:1:      minmay_arrival_open_corners, layout_basic, basic_ecumenical_altar
D:2:      kennysheep_big_flooded_room, layout_loops_ring,
          nicolae_underground_beach, uniq_natasha

Action                   |  1- 3 |  4- 6 || total
-------------------------+-------+-------++-------
Melee: Unarmed           |    42 |       ||    42
       Tentacles         |    20 |     2 ||    22
       Constrict         |    20 |     3 ||    23
       Short sword       |    55 |    22 ||    77
       Punch             |     1 |       ||     1
 Fire: Hunting sling     |     5 |       ||     5
 Cast: Slow              |    24 |     5 ||    29
  Use: Scroll            |     1 |     3 ||     4
       Potion            |       |     3 ||     3
 Stab: Sleeping          |     3 |       ||     3
Armor: Skin              |    18 |    27 ||    45
Dodge: Dodged            |    62 |    15 ||    77
